 Dungeon Crawl Stone Soup version 0.23-a0-636-g0ff6057 (webtiles) character file.

84 TheGoonsmith the Cudgeler (level 4, -1/27 HPs)
             Began as a Gargoyle Gladiator on Dec 28, 2018.
             Slain by Sigmund
             ... wielding a +0 scythe
              (9 damage)
             ... on level 2 of the Dungeon.
             The game lasted 00:02:52 (1469 turns).

TheGoonsmith the Cudgeler (Gargoyle Gladiator)      Turns: 1469, Time: 00:02:53

Health: -1/27      AC: 16    Str: 21 (23) XL:     4   Next: 46%
Magic:  4/4        EV:  6    Int: 11 (14) God:
Gold:   55         SH:  0    Dex:  8 (11) Spells: 3/3 levels left

rFire    . . .     SeeInvis .   a - +0 flail
rCold    . . .     Gourm    .   (no shield)
rNeg     + . .     Faith    .   e - +0 plate armour
rPois    ∞         Spirit   .   c - +0 helmet
rElec    +         Reflect  .   k - +0 cloak
rCorr    .         Harm     .   (no gloves)
MR       .....                  (no boots)
Stlth    ..........             (no amulet)
HPRegen  0.09/turn              (no ring)
MPRegen  0.09/turn              (no ring)

@: mighty, brilliant, flying
A: negative energy resistance 1, electricity resistance, unbreathing,
petrification resistance, rot immunity, AC +3
a: no special abilities


You were on level 2 of the Dungeon.
You were not hungry.

You visited 1 branch of the dungeon, and saw 2 of its levels.

You collected 55 gold pieces.

Inventory:

Hand Weapons
 a - a +0 flail (weapon)
Missiles
 d - 3 throwing nets (quivered)
Armour
 b - a +0 leather armour
 c - a +0 helmet (worn)
 e - a +0 plate armour (worn)
 k - a +0 cloak (worn)
Scrolls
 g - a scroll of immolation {unknown}
 h - a scroll of teleportation
 i - a scroll of identify {unknown}
Potions
 j - a potion of flight
 n - a potion of might
Comestibles
 f - 6 rations


   Skills:
 + Level 2.9 Fighting
 * Level 4.0 Maces & Flails
 - Level 1.7 Throwing
 + Level 1.6 Armour
 + Level 2.8 Dodging


You had 3 spell levels left.
You didn't know any spells.
Your spell library was empty.

Dungeon Overview and Level Annotations

Branches:
Dungeon (2/15)

Altars:

Annotations:
D:2 Sigmund


Innate Abilities, Weirdness & Mutations

You are resistant to torment.
Your stone body is resilient. (AC +3)
You are immune to poison.
You resist negative energy. (rN+)
You are resistant to electric shocks. (rElec)
You can survive without breathing.
You are immune to petrification.
You are immune to rotting.


Message History

You feel very mighty all of a sudden.
You hear some strange, mumbled words.
You are confused.
You closely miss something. Something hits you but does no damage.
You barely miss something. Something hits you.
You bump into the rock wall.
Something hits you but does no damage.
You completely miss something.
You hear some strange, mumbled words.
A magic dart appears from out of thin air!
The magic dart hits you!
* * * LOW HITPOINT WARNING * * *
You bump into the rock wall.
Something hits you but does no damage.
It was a potion of brilliance.
You feel clever all of a sudden.
You feel less confused.
It was a potion of degeneration.
There was something very wrong with that liquid.
You feel weakened.
You feel dopey.
You feel clumsy. Something completely misses you.
You miss something. Something hits you!
You die...

#.##......@.....#
#.#..$.#######
#.....#.# ...)##.#.#
#.##. ....# #. #
##.### # ..# #{# #@#
#.# # #.# #####
..###.#.########...#
#..............)...#
#####....#######...#
.........# ##.##
#####...## #.# ##.##
#.#


There were no monsters in sight!

Vanquished Creatures
  3 adders (D:2)
  An ooze (D:2)
  A worm (D:2)
  A dart slug (D:1)
  A ball python (D:2)
  2 giant cockroaches (D:1)
  8 goblins
  4 hobgoblins
  6 jackals (D:2)
  A quokka (D:2)
  6 bats
  2 frilled lizards
  4 kobolds
  4 rats
44 creatures vanquished.

Notes
Turn   | Place    | Note
-------+----------+-------------------------------------------
     0 | D:1      | TheGoonsmith the Gargoyle Gladiator began the quest for the
                  | Orb.
     0 | D:1      | Reached XP level 1. HP: 12/12 MP: 1/1
   201 | D:1      | Reached XP level 2. HP: 18/18 MP: 2/2
   782 | D:2      | Reached skill level 1 in Armour
   815 | D:2      | Reached XP level 3. HP: 18/22 MP: 3/3
   938 | D:2      | Reached XP level 4. HP: 23/27 MP: 4/4
  1201 | D:2      | Reached skill level 4 in Maces & Flails
  1234 | D:2      | Noticed Sigmund
  1469 | D:2      | Slain by Sigmund

Vault maps used:
D:1:      ncdulo_halloftheorcs
D:2:      first_ration, uniq_sigmund

Skill      XL: |  1  2  3  4 |
---------------+-------------+-----
Armour         | 1 |  1.6
Maces & Flails | 4 |  4.0
Fighting       | |  2.9
Throwing       | |  1.7
Dodging        | |  2.8

Action                   |  1- 3 |  4- 6 || total
-------------------------+-------+-------++-------
Melee: Flail             |   133 |    87 ||   220
  Use: Potion            |       |     4 ||     4
       Scroll            |       |     1 ||     1
  Eat: Chunk             |       |     2 ||     2
Armor: Plate armour      |   108 |    90 ||   198
       Leather armour    |     3 |       ||     3
Dodge: Dodged            |    53 |    50 ||   103

Table legend:
 A = Non-vault XP
 B = Vault XP
 C = Vault XP percentage of total XP
 D = Non-vault monster count
 E = Vault monster count
 F = Vault count percentage of total count
                 A         B        C        D         E       F
            +---------+---------+-------+---------+---------+-------
      Total |     121 |       0 |   0.0 |      44 |       0 |   0.0
            +---------+---------+-------+---------+---------+-------
        D:1 |      24 |       0 |   0.0 |      14 |       0 |   0.0
        D:2 |      97 |       0 |   0.0 |      30 |       0 |   0.0
            +---------+---------+-------+---------+---------+-------
